 Dungeon Crawl Stone Soup version 0.30-a0-1053-gbd8d5ba0ad (webtiles) character file.

Game seed: 5918117590438707561

1887 bmack86 the Fighter (level 8, 0/63 (74) HPs)
             Began as a Minotaur Fighter on Apr 12, 2023.
             Was a Follower of Okawaru.
             Slain by a wight
             ... wielding a +5 trident
              (11 damage)
             ... on level 6 of the Dungeon.
             The game lasted 00:17:06 (5422 turns).

bmack86 the Fighter (Minotaur Fighter)              Turns: 5422, Time: 00:17:07

HP:   0/63 (74)     AC: 14    Str: 23    XL:     8   Next: 92%
MP:   9/9           EV:  6    Int:  5    God:    Okawaru [*.....]
Gold: 255           SH:  5    Dex: 10    Spells: 7/7 levels left

rFire   . . .      SeeInvis +    a - +2 war axe
rCold   . . .      Faith    .    c - +0 buckler
rNeg    . . .      Spirit   .    m - +0 plate armour
rPois   .          Reflect  .    (helmet restricted)
rElec   .          Rampage  .    (no cloak)
rCorr   .                        (no gloves)
Will    .....                    q - +0 pair of boots Stlth
                                 (no amulet)
HPRegen 0.30/turn                l - ring of see invisible
MPRegen 0.11/turn                (no ring)

@: studying Fighting, heavily drained
A: horns 2, retaliatory headbutt
a: Renounce Religion, Heroism


You were on level 6 of the Dungeon.
You worshipped Okawaru.
Okawaru was aware of your devotion.
You visited 2 branches of the dungeon, and saw 7 of its levels.
You also visited: Ossuary.

You collected 255 gold pieces.

Inventory:

Hand Weapons
 a - a +2 war axe (weapon)
 r - the +1 hand axe "Uhaup" {freeze, rPois}
   (You took it off a goblin on level 3 of the Dungeon)

   rPois:     It protects you from poison.
Missiles
 e - 16 poisoned darts
 h - 9 javelins (quivered)
 o - 5 boomerangs
 p - a throwing net
Armour
 b - a +0 scale mail
 c - a +0 buckler (worn)
 m - a +0 plate armour (worn)
 q - a +0 pair of boots (worn)
Jewellery
 l - a ring of see invisible (left hand)
 t - a ring of protection from cold
 y - an amulet of magic regeneration
Scrolls
 f - 4 scrolls of teleportation
 s - 2 scrolls of noise
 x - 2 scrolls of magic mapping
Potions
 d - 2 potions of flight
 g - 2 potions of ambrosia
 i - a potion of degeneration {unknown}
 j - 3 potions of magic
 k - 2 potions of resistance
 n - 2 potions of brilliance
 u - a potion of invisibility {unknown}
 v - 3 potions of attraction
 w - 2 potions of berserk rage {unknown}
 z - 2 potions of curing
 A - 3 potions of mutation
 B - 2 potions of haste {unknown}


   Skills:
 + Level 8.2 Fighting
 * Level 8.1 Axes
 + Level 4.2 Throwing
 + Level 6.5 Armour
 + Level 6.5 Shields
 + Level 3.0 Invocations


You had 7 spell levels left.
You didn't know any spells.
Your spell library contained the following spells:

 Spells                   Type           Power      Damage    Failure   Level
 Magic Dart               Conj           0%         1d3       100%        1
 Cigotuvi's Dreadful Rot  Necr/Pois/Air  0%         N/A       100%        2
 Searing Ray              Conj           0%         2d4       100%        2
 Ignite Poison            Fire/Tmut/Pois 0%         N/A       100%        3
 Fulminant Prism          Conj/Hex       0%         3d5       100%        4
 Freezing Cloud           Conj/Ice/Air   0%         6-21      100%        5
 Malign Gateway           Summ/Tloc      Unusable   N/A       N/A         7
 Summon Horrible Things   Summ           Unusable   N/A       N/A         8

Dungeon Overview and Level Annotations

Branches:
Dungeon (6/15)             Temple (1/1) D:5         Ossuary (visited)

Altars:
Ashenzari
Cheibriados
Dithmenos
Fedhas
Hepliaklqana
Kikubaaqudgha
Makhleb
Nemelex Xobeh
Okawaru
Ru
Sif Muna
Uskayaw
Vehumet
Wu Jian
Xom
Yredelemnul
Zin
The Shining One


Innate Abilities, Weirdness & Mutations

You have a pair of horns on your head.
You reflexively headbutt those who attack you in melee.


Message History

The wight is heavily damaged.
The wight hits you from afar with a +5 trident.
The wight hits you but does no damage.
You hit the wight but do no damage.
The wight is heavily damaged.
The wight hits you from afar with a +5 trident!
You feel drained. The wight hits you with a +3 scimitar.
You feel drained.
You hit the wight but do no damage.
You headbutt the wight, but do no damage.
The wight is heavily damaged.
The wight hits you with a +3 scimitar! You block the wight's attack.
You slash the wight!
You destroy the wight!
Okawaru accepts your kill.
The wight hits you from afar with a +5 trident!
You feel drained.
A wight comes into view. It is wielding a +5 great sword.
Found a potion of curing.
Things that are here:
a +3 scimitar; a +0 robe You slash the wight!
Your headbutt misses the wight.
The wight is severely damaged.
You hit the wight but do no damage. The wight hits you but does no damage.
The wight hits you with a +5 trident.
You feel drained.
You hit the wight but do no damage. Your headbutt misses the wight.
The wight is heavily damaged.
You slash the wight!
The wight hits you with a +3 morningstar.
* * * LOW HITPOINT WARNING * * *
You feel drained.
* * * LOW HITPOINT WARNING * * *
The wight hits you with a +5 trident.
* * * LOW HITPOINT WARNING * * *
You feel drained.
* * * LOW HITPOINT WARNING * * *
The wight hits you but does no damage. x2
You barely miss the wight.
The wight is heavily damaged.
You closely miss the wight. The wight hits you with a +5 trident!
You die...

*,*,,,,,,,**** ,,,,****,,*
,*,,****,,* #########
,*,,*,,,,,* #.......#
,,,,,,**,** ###.#####.#
**,,,***,* #......##.#
*,,,,,,,,* #.#.##.##.#######
*,**,****#######.#...........>.#
,,,*,* #.....z@#############.##
,,,,,* #.#####z# #... ,,,***
*,**,,.z# ###. ,,,* *,,,,...# #.
,,,* *,**.##.#******* ##.
,,,*******,,..,..#*,,,,,* ###..
,,,,,,,,,*,##*,#.#*,,,,,* ##..8.
,,,,,,,,,*,***,#!.,,,,,,* #.....
,,,,,,,,,*,,,,,,,,,,,,,,* #.8...


You could see 3 wights.

Vanquished Creatures
  Grinder (D:5)
  Sigmund (D:2)
  A wraith (Ossuary)
  A steam dragon (D:5)
  An orc warrior (D:5)
  A black bear (D:4)
  An ogre (D:4)
  A phantom (D:5)
  A centaur (D:5)
  A kobold brigand (D:6)
  Blork the orc (D:4)
  3 scorpions
  A wight (D:6)
  2 hounds
  2 jellies (D:5)
  2 orc wizards (D:5)
  Ijyb (D:3)
  Natasha (D:2)
  3 mummies (Ossuary)
  5 adders
  A shadow imp (D:5)
  A white imp (D:5)
  7 worms
  A dart slug (D:2)
  6 orcs
  9 endoplasms
  6 giant cockroaches
  9 goblins
  5 hobgoblins
  8 jackals
  13 kobolds
  6 quokkas
  10 ball pythons
  4 bats
  7 frilled lizards
  2 goblin zombies (Ossuary)
  3 hobgoblin zombies (Ossuary)
  5 kobold zombies (Ossuary)
  8 rats
142 creatures vanquished.

Vanquished Creatures (others)
  14 plants (D:2)
14 creatures vanquished.

Grand Total: 156 creatures vanquished

Notes
Turn   | Place    | Note
-------+----------+-------------------------------------------
     0 | D:1      | bmack86 the Minotaur Fighter began the quest for the Orb.
     0 | D:1      | Reached XP level 1. HP: 19/19 MP: 0/0
   141 | D:1      | Reached XP level 2. HP: 27/27 MP: 1/1
   763 | D:1      | Identified a scroll of acquirement
   763 | D:1      | Acquired a manual of Fighting
   875 | D:2      | Noticed a scorpion
   885 | D:2      | Killed a scorpion
   886 | D:2      | Reached skill level 1 in Throwing
   886 | D:2      | Reached XP level 3. HP: 22/34 MP: 2/2
   886 | D:2      | Reached XP level 4. HP: 27/41 MP: 3/3
  1407 | D:2      | Noticed Natasha
  1417 | D:2      | Killed Natasha
  1418 | D:2      | Reached XP level 5. HP: 38/47 MP: 4/4
  1454 | D:2      | Noticed Sigmund
  1466 | D:2      | Killed Sigmund
  1467 | D:2      | Reached skill level 5 in Fighting
  1467 | D:2      | Reached skill level 5 in Axes
  1467 | D:2      | Reached XP level 6. HP: 54/56 MP: 5/5
  1895 | D:3      | Noticed Ijyb
  1908 | D:3      | Killed Ijyb
  2188 | D:3      | Identified the +1 hand axe "Uhaup" {freeze, rPois}
  2600 | D:4      | Noticed Blork the orc
  2614 | D:4      | Killed Blork the orc
  2615 | D:4      | Reached skill level 5 in Shields
  2668 | D:4      | Reached skill level 5 in Armour
  2668 | D:4      | Reached XP level 7. HP: 49/63 MP: 6/6
  2745 | D:4      | Identified the +1 leather armour of Snakes and Ladders {rF+
                  | rN+ Will+}
  2773 | D:4      | Found an iron altar of Okawaru.
  2790 | D:4      | Found a glowing golden altar of the Shining One.
  2820 | D:4      | Became a worshipper of Warmaster Okawaru
  3113 | D:4      | Reached skill level 1 in Invocations
  3288 | D:5      | Entered Level 5 of the Dungeon
  3377 | D:5      | Noticed Grinder
  3382 | D:5      | Paralysed by Grinder for 2 turns
  3388 | D:5      | Paralysed by Grinder for 2 turns
  3395 | D:5      | Killed Grinder
  3396 | D:5      | Reached XP level 8. HP: 9/71 MP: 6/8
  3809 | D:5      | Reached * piety under Okawaru
  4112 | D:5      | Found a staircase to the Ecumenical Temple.
  4120 | Temple   | Entered the Ecumenical Temple
  4786 | D:6      | Found a sand-covered staircase.
  4817 | Ossuary  | Entered an ossuary
  5422 | D:6      | Slain by a wight

Illustrated notes

Levels and vault maps discovered:
D:1:      ncdulo_watergridlock, layout_loops_cross
D:2:      minmay_spotlight, layout_basic, corexii_shack, st_stairs_10,
          lexackson_kobold_supper, uniq_natasha, uniq_sigmund
D:3:      layout_basic, uniq_ijyb
D:4:      layout_rooms, mainiacjoe_overflow_catwalk_spiral, nicolae_wormholes,
          uniq_blork_the_orc
D:5:      layout_basic, minmay_temple_entry_overgrown, bh_walls_and_bars,
          uniq_grinder
D:6:      layout_loops_cross, grunt_gozag_statues,
          nicolae_ossuary_entry_monument, uniq_menkaure
Temple:   eino_temple_scatter_basement

Skill      XL: |  1  2  3  4  5  6  7  8 |
---------------+-------------------------+-----
Axes           | 3 4 5 6 8 |  8.1
Fighting       | 4 5 6 8 |  8.2
Throwing       | 1 2 3 4 |  4.2
Armour         | 4 5 6 |  6.5
Shields        | 4 5 6 |  6.5
Invocations    | 1 3 |  3.0

Action                     |  1- 3 |  4- 6 |  7- 9 || total
---------------------------+-------+-------+-------++-------
  Melee: War axe           |    44 |    68 |   105 ||   217
         Headbutt          |     5 |     6 |    28 ||    39
         Hand axe          |       |    21 |    58 ||    79
  Throw: Javelin           |     3 |    29 |     1 ||    33
 Invoke: Heroism           |       |       |     1 ||     1
    Use: Scroll            |     4 |     6 |    12 ||    22
         Potion            |     1 |       |       ||     1
 Armour: Scale mail        |    26 |    45 |    49 ||   120
         Plate armour      |       |       |    27 ||    27
  Dodge: Dodged            |    19 |    45 |    62 ||   126
  Block: Buckler           |    13 |    28 |    31 ||    72

Table legend: (Time is in decaauts)
 A = Elapsed time spent in this place.
 B = Non-inter-level travel time spent in this place.
 C = Inter-level travel time spent in this place.
 D = Time resting spent in this place.
 E = Time spent auto-exploring this place.
 F = Levels seen in this place.
 G = Mean time per level.
                   A        B        C        D        E       F      G
               +--------+--------+--------+--------+--------+-----+--------+
         Total |   5505 |   5386 |    119 |    733 |   2595 |   8 |  688.1 |
       Dungeon |   4738 |   4638 |    100 |    624 |   2437 |   6 |  789.7 |
        Temple |    192 |    173 |     19 |      0 |    158 |   1 |  192.0 |
       Ossuary |    574 |    574 |      0 |    109 |      0 |   1 |  574.0 |
               +--------+--------+--------+--------+--------+-----+--------+

Top non-repeatable levels by time:
     D:5: 1257 daAuts
     D:2: 1027 daAuts
     D:3: 810 daAuts
     D:1: 782 daAuts
     D:4: 722 daAuts
 Ossuary: 574 daAuts
  Temple: 192 daAuts
     D:6: 138 daAuts
